 Dungeon Crawl Stone Soup version 0.16.0-17-g811c1d7 (webtiles) character file.

90 Chiseanne the Magician (level 4, 2/30 HPs)
             Began as a Demonspawn Wizard on Mar 22, 2015.
             Quit the game on level 2 of the Dungeon.
             The game lasted 00:07:36 (3173 turns).

Chiseanne the Magician (Demonspawn Wizard)          Turns: 3173, Time: 00:07:36

Health: 2/30       AC:  4    Str:  7    XL:     4   Next: 32%
Magic:  1/11       EV: 17    Int: 31    God:
Gold:   89         SH:  0    Dex: 16    Spells: 4 memorised, 3 levels left

rFire  . . .     SeeInvis .     a - +1 short sword
rCold  . . .     Clarity  .     m - +0 robe
rNeg   . . .     SustAb   .     (no shield)
rPois  .         Gourm    .     n - +1 helmet
rElec  .         Spirit   .     (no cloak)
rCorr  .         Warding  .     (no gloves)
rMut   .         Stasis   .     (no boots)
MR     .....                    (no amulet)
Stlth  +++.......               l - +5 ring of intelligence
                                i - ring of wizardry

@: brilliant, agile, lethally poisoned (2 -> -17), very slightly contaminated,
repel missiles, not resistant to hostile enchantments, fairly stealthy
A: claws 1, talons 1
a: no special abilities


You were on level 2 of the Dungeon.
You were not hungry.

You visited 1 branch of the dungeon, and saw 3 of its levels.

You collected 89 gold pieces.

Inventory:

Hand weapons
 a - a +1 short sword (weapon)
Armour
 m - a +0 robe (worn)
 n - a +1 helmet (worn)
 o - a +0 shield
Jewellery
 i - a ring of wizardry (left claw)
 j - an uncursed ring of sustain abilities
 l - a +5 ring of intelligence (right claw)
Scrolls
 f - a scroll of enchant armour
Books
 c - a book of Minor Magic

   Spells                             Type                      Level
   a - Magic Dart                     Conjuration                  1
   b - Blink                          Translocation                2
   c - Call Imp                       Summoning                    2
   d - Repel Missiles                 Charms/Air                   2
   e - Slow                           Hexes                        2
   f - Conjure Flame                  Conjuration/Fire             3
   g - Mephitic Cloud                 Conjuration/Poison/Air       3
Comestibles
 d - 2 bread rations
 p - 3 fruits


   Skills:
 - Level 1.7 Dodging
 - Level 1.7 Stealth
 * Level 4.5 Spellcasting
 * Level 2.0 Conjurations
   Level 1.0 Summonings
   Level 0.8 Translocations


You had 3 spell levels left.
You knew the following spells:

 Your Spells              Type           Power        Failure   Level  Hunger
a - Magic Dart            Conj           ####         1%          1    None
b - Repel Missiles        Chrm/Air       ####..       1%          2    None
c - Conjure Flame         Conj/Fire      ####....     1%          3    #......
d - Mephitic Cloud        Conj/Pois/Air  ####....     1%          3    #......


Dungeon Overview and Level Annotations

Branches:
Dungeon (3/15)

Altars:


Innate Abilities, Weirdness & Mutations

You have sharp fingernails.
You have sharp toenails.


Message History

Sorry, you're not good enough to have a special ability.
Unknown command.
Drink which item? (? for menu, Esc to quit)
It was a potion of poison.
That liquid tasted very nasty...
You are more poisoned.
* * * LOW HITPOINT WARNING * * *
You feel sick.
Drink which item? (? for menu, Esc to quit)
It was a potion of brilliance.
You feel clever all of a sudden.
* * * LOW HITPOINT WARNING * * *
You feel sick.
Drink which item? (? for menu, Esc to quit)
It was a potion of agility.
You feel agile all of a sudden.
* * * LOW HITPOINT WARNING * * *
You feel sick.
Are you sure you want to abandon this character and quit the game? (Confirm with "yes".)
Okay, then.
Are you sure you want to abandon this character and quit the game? (Confirm with "yes".)

###### .....#
####.################
#.#...<..........# ##
#.#.######...@...###### .# #.#.#
#...............# .# #.#.#
#.##.>.....##.#.# ### .#
#.#.###.##.......#....# #..
.###.#.........####†.....# ###..
.....#####.##.......#....####....
.##### #.#...########.#.........
.## ##.##.# #.######.... ..#
####.# #.# ###..


There were no monsters in sight!

Vanquished Creatures
  A worker ant (D:2)
  Robin (D:2)
  An adder (D:2)
  A ball python (D:2)
  4 bats
  4 giant cockroaches
  13 goblins
  5 hobgoblins
  6 kobolds
  2 quokkas (D:2)
  2 giant newts (D:1)
  6 rats
46 creatures vanquished.

Notes
Turn   | Place    | Note
--------------------------------------------------------------
     0 | D:1      | Chiseanne, the Demonspawn Wizard, began the quest for the Orb.
     0 | D:1      | Reached XP level 1. HP: 13/13 MP: 4/4
   646 | D:1      | Gained mutation: You have sharp fingernails. [demonic ancestry]
   646 | D:1      | Reached XP level 2. HP: 19/19 MP: 3/6
  1463 | D:2      | Learned a level 2 spell: Repel Missiles
  2267 | D:2      | Reached XP level 3. HP: 24/24 MP: 0/8
  2339 | D:2      | Learned a level 3 spell: Conjure Flame
  2343 | D:2      | Learned a level 3 spell: Mephitic Cloud
  2454 | D:2      | Reached skill level 4 in Spellcasting
  2826 | D:2      | Noticed Robin
  2841 | D:2      | Killed Robin
  3169 | D:2      | Gained mutation: You have sharp toenails. [demonic ancestry]
  3169 | D:2      | Reached XP level 4. HP: 8/30 MP: 0/11
  3173 | D:2      | Quit the game

Action                   |  1- 3 |  4- 6 || total
-------------------------+-------+-------++-------
Melee: Club              |    12 |       ||    12
       Short sword       |    14 |       ||    14
 Cast: Magic Dart        |   111 |     1 ||   112
       Repel Missiles    |     1 |       ||     1
       Mephitic Cloud    |     1 |       ||     1
  Use: Scroll            |     4 |       ||     4
       Potion            |     1 |     3 ||     4
  Eat: Chunk             |     7 |       ||     7
